%YAML 1.1
%TAG !u! tag:unity3d.com,2011:
--- !u!1 &4962674827016217971
GameObject:
  m_ObjectHideFlags: 0
  m_CorrespondingSourceObject: {fileID: 0}
  m_PrefabInstance: {fileID: 0}
  m_PrefabAsset: {fileID: 0}
  serializedVersion: 6
  m_Component:
  - component: {fileID: 7915853124907601589}
  - component: {fileID: 2890200843003467311}
  - component: {fileID: 1457459879854793125}
  - component: {fileID: 1877125640615130859}
  m_Layer: 0
  m_Name: WaterLine4
  m_TagString: Untagged
  m_Icon: {fileID: 0}
  m_NavMeshLayer: 0
  m_StaticEditorFlags: 0
  m_IsActive: 1
--- !u!4 &7915853124907601589
Transform:
  m_ObjectHideFlags: 0
  m_CorrespondingSourceObject: {fileID: 0}
  m_PrefabInstance: {fileID: 0}
  m_PrefabAsset: {fileID: 0}
  m_GameObject: {fileID: 4962674827016217971}
  m_LocalRotation: {x: 0, y: 0, z: 0, w: 1}
  m_LocalPosition: {x: 140, y: 0, z: 0}
  m_LocalScale: {x: 1, y: 1, z: 30}
  m_ConstrainProportionsScale: 0
  m_Children:
  - {fileID: 6450782362979788946}
  - {fileID: 4260802638768776260}
  - {fileID: 8659223668098131780}
  - {fileID: 5600233314025295063}
  - {fileID: 7706166861889810580}
  m_Father: {fileID: 0}
  m_RootOrder: 0
  m_LocalEulerAnglesHint: {x: 0, y: 0, z: 0}
--- !u!33 &2890200843003467311
MeshFilter:
  m_ObjectHideFlags: 0
  m_CorrespondingSourceObject: {fileID: 0}
  m_PrefabInstance: {fileID: 0}
  m_PrefabAsset: {fileID: 0}
  m_GameObject: {fileID: 4962674827016217971}
  m_Mesh: {fileID: 10202, guid: 0000000000000000e000000000000000, type: 0}
--- !u!23 &1457459879854793125
MeshRenderer:
  m_ObjectHideFlags: 0
  m_CorrespondingSourceObject: {fileID: 0}
  m_PrefabInstance: {fileID: 0}
  m_PrefabAsset: {fileID: 0}
  m_GameObject: {fileID: 4962674827016217971}
  m_Enabled: 1
  m_CastShadows: 1
  m_ReceiveShadows: 1
  m_DynamicOccludee: 1
  m_StaticShadowCaster: 0
  m_MotionVectors: 1
  m_LightProbeUsage: 1
  m_ReflectionProbeUsage: 1
  m_RayTracingMode: 2
  m_RayTraceProcedural: 0
  m_RenderingLayerMask: 1
  m_RendererPriority: 0
  m_Materials:
  - {fileID: 10303, guid: 0000000000000000f000000000000000, type: 0}
  m_StaticBatchInfo:
    firstSubMesh: 0
    subMeshCount: 0
  m_StaticBatchRoot: {fileID: 0}
  m_ProbeAnchor: {fileID: 0}
  m_LightProbeVolumeOverride: {fileID: 0}
  m_ScaleInLightmap: 1
  m_ReceiveGI: 1
  m_PreserveUVs: 0
  m_IgnoreNormalsForChartDetection: 0
  m_ImportantGI: 0
  m_StitchLightmapSeams: 1
  m_SelectedEditorRenderState: 3
  m_MinimumChartSize: 4
  m_AutoUVMaxDistance: 0.5
  m_AutoUVMaxAngle: 89
  m_LightmapParameters: {fileID: 0}
  m_SortingLayerID: 0
  m_SortingLayer: 0
  m_SortingOrder: 0
  m_AdditionalVertexStreams: {fileID: 0}
--- !u!65 &1877125640615130859
BoxCollider:
  m_ObjectHideFlags: 0
  m_CorrespondingSourceObject: {fileID: 0}
  m_PrefabInstance: {fileID: 0}
  m_PrefabAsset: {fileID: 0}
  m_GameObject: {fileID: 4962674827016217971}
  m_Material: {fileID: 0}
  m_IsTrigger: 0
  m_Enabled: 1
  serializedVersion: 2
  m_Size: {x: 1, y: 1, z: 1}
  m_Center: {x: 0, y: 0, z: 0}
--- !u!1001 &362562406097276562
PrefabInstance:
  m_ObjectHideFlags: 0
  serializedVersion: 2
  m_Modification:
    m_TransformParent: {fileID: 7915853124907601589}
    m_Modifications:
    - target: {fileID: 1400871666278994943, guid: bbd76b3a9d4d76e4baa688b141ff37cf, type: 3}
      propertyPath: m_Name
      value: Lily (10)
      objectReference: {fileID: 0}
    - target: {fileID: 9017238458668820950, guid: bbd76b3a9d4d76e4baa688b141ff37cf, type: 3}
      propertyPath: m_RootOrder
      value: 2
      objectReference: {fileID: 0}
    - target: {fileID: 9017238458668820950, guid: bbd76b3a9d4d76e4baa688b141ff37cf, type: 3}
      propertyPath: m_LocalScale.z
      value: 0.033333335
      objectReference: {fileID: 0}
    - target: {fileID: 9017238458668820950, guid: bbd76b3a9d4d76e4baa688b141ff37cf, type: 3}
      propertyPath: m_LocalPosition.x
      value: 0
      objectReference: {fileID: 0}
    - target: {fileID: 9017238458668820950, guid: bbd76b3a9d4d76e4baa688b141ff37cf, type: 3}
      propertyPath: m_LocalPosition.y
      value: 0.575
      objectReference: {fileID: 0}
    - target: {fileID: 9017238458668820950, guid: bbd76b3a9d4d76e4baa688b141ff37cf, type: 3}
      propertyPath: m_LocalPosition.z
      value: 0.16666667
      objectReference: {fileID: 0}
    - target: {fileID: 9017238458668820950, guid: bbd76b3a9d4d76e4baa688b141ff37cf, type: 3}
      propertyPath: m_LocalRotation.w
      value: 1
      objectReference: {fileID: 0}
    - target: {fileID: 9017238458668820950, guid: bbd76b3a9d4d76e4baa688b141ff37cf, type: 3}
      propertyPath: m_LocalRotation.x
      value: -0
      objectReference: {fileID: 0}
    - target: {fileID: 9017238458668820950, guid: bbd76b3a9d4d76e4baa688b141ff37cf, type: 3}
      propertyPath: m_LocalRotation.y
      value: -0
      objectReference: {fileID: 0}
    - target: {fileID: 9017238458668820950, guid: bbd76b3a9d4d76e4baa688b141ff37cf, type: 3}
      propertyPath: m_LocalRotation.z
      value: -0
      objectReference: {fileID: 0}
    - target: {fileID: 9017238458668820950, guid: bbd76b3a9d4d76e4baa688b141ff37cf, type: 3}
      propertyPath: m_LocalEulerAnglesHint.x
      value: 0
      objectReference: {fileID: 0}
    - target: {fileID: 9017238458668820950, guid: bbd76b3a9d4d76e4baa688b141ff37cf, type: 3}
      propertyPath: m_LocalEulerAnglesHint.y
      value: 0
      objectReference: {fileID: 0}
    - target: {fileID: 9017238458668820950, guid: bbd76b3a9d4d76e4baa688b141ff37cf, type: 3}
      propertyPath: m_LocalEulerAnglesHint.z
      value: 0
      objectReference: {fileID: 0}
    m_RemovedComponents: []
  m_SourcePrefab: {fileID: 100100000, guid: bbd76b3a9d4d76e4baa688b141ff37cf, type: 3}
--- !u!4 &8659223668098131780 stripped
Transform:
  m_CorrespondingSourceObject: {fileID: 9017238458668820950, guid: bbd76b3a9d4d76e4baa688b141ff37cf, type: 3}
  m_PrefabInstance: {fileID: 362562406097276562}
  m_PrefabAsset: {fileID: 0}
--- !u!1001 &1716548159135947074
PrefabInstance:
  m_ObjectHideFlags: 0
  serializedVersion: 2
  m_Modification:
    m_TransformParent: {fileID: 7915853124907601589}
    m_Modifications:
    - target: {fileID: 1400871666278994943, guid: bbd76b3a9d4d76e4baa688b141ff37cf, type: 3}
      propertyPath: m_Name
      value: Lily (12)
      objectReference: {fileID: 0}
    - target: {fileID: 9017238458668820950, guid: bbd76b3a9d4d76e4baa688b141ff37cf, type: 3}
      propertyPath: m_RootOrder
      value: 4
      objectReference: {fileID: 0}
    - target: {fileID: 9017238458668820950, guid: bbd76b3a9d4d76e4baa688b141ff37cf, type: 3}
      propertyPath: m_LocalScale.z
      value: 0.033333335
      objectReference: {fileID: 0}
    - target: {fileID: 9017238458668820950, guid: bbd76b3a9d4d76e4baa688b141ff37cf, type: 3}
      propertyPath: m_LocalPosition.x
      value: 0
      objectReference: {fileID: 0}
    - target: {fileID: 9017238458668820950, guid: bbd76b3a9d4d76e4baa688b141ff37cf, type: 3}
      propertyPath: m_LocalPosition.y
      value: 0.575
      objectReference: {fileID: 0}
    - target: {fileID: 9017238458668820950, guid: bbd76b3a9d4d76e4baa688b141ff37cf, type: 3}
      propertyPath: m_LocalPosition.z
      value: 0.06666667
      objectReference: {fileID: 0}
    - target: {fileID: 9017238458668820950, guid: bbd76b3a9d4d76e4baa688b141ff37cf, type: 3}
      propertyPath: m_LocalRotation.w
      value: 1
      objectReference: {fileID: 0}
    - target: {fileID: 9017238458668820950, guid: bbd76b3a9d4d76e4baa688b141ff37cf, type: 3}
      propertyPath: m_LocalRotation.x
      value: -0
      objectReference: {fileID: 0}
    - target: {fileID: 9017238458668820950, guid: bbd76b3a9d4d76e4baa688b141ff37cf, type: 3}
      propertyPath: m_LocalRotation.y
      value: -0
      objectReference: {fileID: 0}
    - target: {fileID: 9017238458668820950, guid: bbd76b3a9d4d76e4baa688b141ff37cf, type: 3}
      propertyPath: m_LocalRotation.z
      value: -0
      objectReference: {fileID: 0}
    - target: {fileID: 9017238458668820950, guid: bbd76b3a9d4d76e4baa688b141ff37cf, type: 3}
      propertyPath: m_LocalEulerAnglesHint.x
      value: 0
      objectReference: {fileID: 0}
    - target: {fileID: 9017238458668820950, guid: bbd76b3a9d4d76e4baa688b141ff37cf, type: 3}
      propertyPath: m_LocalEulerAnglesHint.y
      value: 0
      objectReference: {fileID: 0}
    - target: {fileID: 9017238458668820950, guid: bbd76b3a9d4d76e4baa688b141ff37cf, type: 3}
      propertyPath: m_LocalEulerAnglesHint.z
      value: 0
      objectReference: {fileID: 0}
    m_RemovedComponents: []
  m_SourcePrefab: {fileID: 100100000, guid: bbd76b3a9d4d76e4baa688b141ff37cf, type: 3}
--- !u!4 &7706166861889810580 stripped
Transform:
  m_CorrespondingSourceObject: {fileID: 9017238458668820950, guid: bbd76b3a9d4d76e4baa688b141ff37cf, type: 3}
  m_PrefabInstance: {fileID: 1716548159135947074}
  m_PrefabAsset: {fileID: 0}
--- !u!1001 &2640907065621594436
PrefabInstance:
  m_ObjectHideFlags: 0
  serializedVersion: 2
  m_Modification:
    m_TransformParent: {fileID: 7915853124907601589}
    m_Modifications:
    - target: {fileID: 1400871666278994943, guid: bbd76b3a9d4d76e4baa688b141ff37cf, type: 3}
      propertyPath: m_Name
      value: Lily (7)
      objectReference: {fileID: 0}
    - target: {fileID: 9017238458668820950, guid: bbd76b3a9d4d76e4baa688b141ff37cf, type: 3}
      propertyPath: m_RootOrder
      value: 0
      objectReference: {fileID: 0}
    - target: {fileID: 9017238458668820950, guid: bbd76b3a9d4d76e4baa688b141ff37cf, type: 3}
      propertyPath: m_LocalScale.z
      value: 0.033333335
      objectReference: {fileID: 0}
    - target: {fileID: 9017238458668820950, guid: bbd76b3a9d4d76e4baa688b141ff37cf, type: 3}
      propertyPath: m_LocalPosition.x
      value: 0
      objectReference: {fileID: 0}
    - target: {fileID: 9017238458668820950, guid: bbd76b3a9d4d76e4baa688b141ff37cf, type: 3}
      propertyPath: m_LocalPosition.y
      value: 0.575
      objectReference: {fileID: 0}
    - target: {fileID: 9017238458668820950, guid: bbd76b3a9d4d76e4baa688b141ff37cf, type: 3}
      propertyPath: m_LocalPosition.z
      value: -0.10000001
      objectReference: {fileID: 0}
    - target: {fileID: 9017238458668820950, guid: bbd76b3a9d4d76e4baa688b141ff37cf, type: 3}
      propertyPath: m_LocalRotation.w
      value: 1
      objectReference: {fileID: 0}
    - target: {fileID: 9017238458668820950, guid: bbd76b3a9d4d76e4baa688b141ff37cf, type: 3}
      propertyPath: m_LocalRotation.x
      value: -0
      objectReference: {fileID: 0}
    - target: {fileID: 9017238458668820950, guid: bbd76b3a9d4d76e4baa688b141ff37cf, type: 3}
      propertyPath: m_LocalRotation.y
      value: -0
      objectReference: {fileID: 0}
    - target: {fileID: 9017238458668820950, guid: bbd76b3a9d4d76e4baa688b141ff37cf, type: 3}
      propertyPath: m_LocalRotation.z
      value: -0
      objectReference: {fileID: 0}
    - target: {fileID: 9017238458668820950, guid: bbd76b3a9d4d76e4baa688b141ff37cf, type: 3}
      propertyPath: m_LocalEulerAnglesHint.x
      value: 0
      objectReference: {fileID: 0}
    - target: {fileID: 9017238458668820950, guid: bbd76b3a9d4d76e4baa688b141ff37cf, type: 3}
      propertyPath: m_LocalEulerAnglesHint.y
      value: 0
      objectReference: {fileID: 0}
    - target: {fileID: 9017238458668820950, guid: bbd76b3a9d4d76e4baa688b141ff37cf, type: 3}
      propertyPath: m_LocalEulerAnglesHint.z
      value: 0
      objectReference: {fileID: 0}
    m_RemovedComponents: []
  m_SourcePrefab: {fileID: 100100000, guid: bbd76b3a9d4d76e4baa688b141ff37cf, type: 3}
--- !u!4 &6450782362979788946 stripped
Transform:
  m_CorrespondingSourceObject: {fileID: 9017238458668820950, guid: bbd76b3a9d4d76e4baa688b141ff37cf, type: 3}
  m_PrefabInstance: {fileID: 2640907065621594436}
  m_PrefabAsset: {fileID: 0}
--- !u!1001 &3502582377144345857
PrefabInstance:
  m_ObjectHideFlags: 0
  serializedVersion: 2
  m_Modification:
    m_TransformParent: {fileID: 7915853124907601589}
    m_Modifications:
    - target: {fileID: 1400871666278994943, guid: bbd76b3a9d4d76e4baa688b141ff37cf, type: 3}
      propertyPath: m_Name
      value: Lily (11)
      objectReference: {fileID: 0}
    - target: {fileID: 9017238458668820950, guid: bbd76b3a9d4d76e4baa688b141ff37cf, type: 3}
      propertyPath: m_RootOrder
      value: 3
      objectReference: {fileID: 0}
    - target: {fileID: 9017238458668820950, guid: bbd76b3a9d4d76e4baa688b141ff37cf, type: 3}
      propertyPath: m_LocalScale.z
      value: 0.033333335
      objectReference: {fileID: 0}
    - target: {fileID: 9017238458668820950, guid: bbd76b3a9d4d76e4baa688b141ff37cf, type: 3}
      propertyPath: m_LocalPosition.x
      value: 0
      objectReference: {fileID: 0}
    - target: {fileID: 9017238458668820950, guid: bbd76b3a9d4d76e4baa688b141ff37cf, type: 3}
      propertyPath: m_LocalPosition.y
      value: 0.575
      objectReference: {fileID: 0}
    - target: {fileID: 9017238458668820950, guid: bbd76b3a9d4d76e4baa688b141ff37cf, type: 3}
      propertyPath: m_LocalPosition.z
      value: 0.10000001
      objectReference: {fileID: 0}
    - target: {fileID: 9017238458668820950, guid: bbd76b3a9d4d76e4baa688b141ff37cf, type: 3}
      propertyPath: m_LocalRotation.w
      value: 1
      objectReference: {fileID: 0}
    - target: {fileID: 9017238458668820950, guid: bbd76b3a9d4d76e4baa688b141ff37cf, type: 3}
      propertyPath: m_LocalRotation.x
      value: -0
      objectReference: {fileID: 0}
    - target: {fileID: 9017238458668820950, guid: bbd76b3a9d4d76e4baa688b141ff37cf, type: 3}
      propertyPath: m_LocalRotation.y
      value: -0
      objectReference: {fileID: 0}
    - target: {fileID: 9017238458668820950, guid: bbd76b3a9d4d76e4baa688b141ff37cf, type: 3}
      propertyPath: m_LocalRotation.z
      value: -0
      objectReference: {fileID: 0}
    - target: {fileID: 9017238458668820950, guid: bbd76b3a9d4d76e4baa688b141ff37cf, type: 3}
      propertyPath: m_LocalEulerAnglesHint.x
      value: 0
      objectReference: {fileID: 0}
    - target: {fileID: 9017238458668820950, guid: bbd76b3a9d4d76e4baa688b141ff37cf, type: 3}
      propertyPath: m_LocalEulerAnglesHint.y
      value: 0
      objectReference: {fileID: 0}
    - target: {fileID: 9017238458668820950, guid: bbd76b3a9d4d76e4baa688b141ff37cf, type: 3}
      propertyPath: m_LocalEulerAnglesHint.z
      value: 0
      objectReference: {fileID: 0}
    m_RemovedComponents: []
  m_SourcePrefab: {fileID: 100100000, guid: bbd76b3a9d4d76e4baa688b141ff37cf, type: 3}
--- !u!4 &5600233314025295063 stripped
Transform:
  m_CorrespondingSourceObject: {fileID: 9017238458668820950, guid: bbd76b3a9d4d76e4baa688b141ff37cf, type: 3}
  m_PrefabInstance: {fileID: 3502582377144345857}
  m_PrefabAsset: {fileID: 0}
--- !u!1001 &5044809996390239634
PrefabInstance:
  m_ObjectHideFlags: 0
  serializedVersion: 2
  m_Modification:
    m_TransformParent: {fileID: 7915853124907601589}
    m_Modifications:
    - target: {fileID: 1400871666278994943, guid: bbd76b3a9d4d76e4baa688b141ff37cf, type: 3}
      propertyPath: m_Name
      value: Lily (8)
      objectReference: {fileID: 0}
    - target: {fileID: 9017238458668820950, guid: bbd76b3a9d4d76e4baa688b141ff37cf, type: 3}
      propertyPath: m_RootOrder
      value: 1
      objectReference: {fileID: 0}
    - target: {fileID: 9017238458668820950, guid: bbd76b3a9d4d76e4baa688b141ff37cf, type: 3}
      propertyPath: m_LocalScale.z
      value: 0.033333335
      objectReference: {fileID: 0}
    - target: {fileID: 9017238458668820950, guid: bbd76b3a9d4d76e4baa688b141ff37cf, type: 3}
      propertyPath: m_LocalPosition.x
      value: 0
      objectReference: {fileID: 0}
    - target: {fileID: 9017238458668820950, guid: bbd76b3a9d4d76e4baa688b141ff37cf, type: 3}
      propertyPath: m_LocalPosition.y
      value: 0.575
      objectReference: {fileID: 0}
    - target: {fileID: 9017238458668820950, guid: bbd76b3a9d4d76e4baa688b141ff37cf, type: 3}
      propertyPath: m_LocalPosition.z
      value: -0.06666667
      objectReference: {fileID: 0}
    - target: {fileID: 9017238458668820950, guid: bbd76b3a9d4d76e4baa688b141ff37cf, type: 3}
      propertyPath: m_LocalRotation.w
      value: 1
      objectReference: {fileID: 0}
    - target: {fileID: 9017238458668820950, guid: bbd76b3a9d4d76e4baa688b141ff37cf, type: 3}
      propertyPath: m_LocalRotation.x
      value: -0
      objectReference: {fileID: 0}
    - target: {fileID: 9017238458668820950, guid: bbd76b3a9d4d76e4baa688b141ff37cf, type: 3}
      propertyPath: m_LocalRotation.y
      value: -0
      objectReference: {fileID: 0}
    - target: {fileID: 9017238458668820950, guid: bbd76b3a9d4d76e4baa688b141ff37cf, type: 3}
      propertyPath: m_LocalRotation.z
      value: -0
      objectReference: {fileID: 0}
    - target: {fileID: 9017238458668820950, guid: bbd76b3a9d4d76e4baa688b141ff37cf, type: 3}
      propertyPath: m_LocalEulerAnglesHint.x
      value: 0
      objectReference: {fileID: 0}
    - target: {fileID: 9017238458668820950, guid: bbd76b3a9d4d76e4baa688b141ff37cf, type: 3}
      propertyPath: m_LocalEulerAnglesHint.y
      value: 0
      objectReference: {fileID: 0}
    - target: {fileID: 9017238458668820950, guid: bbd76b3a9d4d76e4baa688b141ff37cf, type: 3}
      propertyPath: m_LocalEulerAnglesHint.z
      value: 0
      objectReference: {fileID: 0}
    m_RemovedComponents: []
  m_SourcePrefab: {fileID: 100100000, guid: bbd76b3a9d4d76e4baa688b141ff37cf, type: 3}
--- !u!4 &4260802638768776260 stripped
Transform:
  m_CorrespondingSourceObject: {fileID: 9017238458668820950, guid: bbd76b3a9d4d76e4baa688b141ff37cf, type: 3}
  m_PrefabInstance: {fileID: 5044809996390239634}
  m_PrefabAsset: {fileID: 0}
